 Dungeon Crawl Stone Soup version 0.27-a0-40-g5f2be0e231 (webtiles) character file.

Game seed: 15376553666304240105

4336 Borgoz the Grappler (level 10, -3/86 HPs)
             Began as a Ghoul Gladiator on Jan 6, 2021.
             Slain by a vampire mosquito (5 damage)
             ... on level 7 of the Dungeon.
             The game lasted 00:11:34 (8196 turns).

Borgoz the Grappler (Ghoul Gladiator)               Turns: 8196, Time: 00:11:34

Health: -3/86      AC:  7    Str: 19    XL:     10   Next: 33%
Magic:  9/9        EV: 17    Int:  3    God:
Gold:   398        SH:  0    Dex: 13    Spells: 9/9 levels left

rFire    . . .     SeeInvis .     - Unarmed
rCold    + . .     Faith    .   (no shield)
rNeg     + + +     Spirit   .   i - +1 animal skin
rPois    ∞         Reflect  .   l - +2 helmet
rElec    .         Harm     .   q - +0 cloak
rCorr    .         Rampage  .   (no gloves)
Will     .....                  (no boots)
Stlth    +++.......             t - amulet of regeneration
HPRegen  0.00/turn              (no ring)
MPRegen  0.11/turn              (no ring)

@: no status effects
A: claws 1, cold resistance 1, negative energy resistance 3, inhibited
regeneration, torment resistance, unbreathing
a: no special abilities


You were on level 7 of the Dungeon.
You visited 1 branch of the dungeon, and saw 7 of its levels.
You also visited: Sewer.

You collected 398 gold pieces.

Inventory:

Hand Weapons
 C - a +4 great sword
 F - a +3 scimitar
Missiles
 c - 3 throwing nets (quivered)
Armour
 e - a +2 pair of gloves
 i - a +1 animal skin (worn)
 l - a +2 helmet (worn)
 q - a +0 cloak (worn)
 w - a +1 scale mail of cold resistance
 y - the +1 robe "Jeduh" {*Drain Will+ Int+8 Dex-5}
   (You found it on level 6 of the Dungeon)

   It affects your intelligence (+8).
   It affects your dexterity (-5).
   It affects your willpower, your defense against some magical effects.
   It causes draining when unequipped.
Jewellery
 p - an uncursed ring of flight
 t - an amulet of regeneration (around neck)
 x - an uncursed ring of magical power
Wands
 a - a wand of polymorph (10)
 b - a wand of digging (7)
 m - a wand of random effects (3)
 u - a wand of enslavement (5)
 v - a wand of iceblast (9)
Scrolls
 h - 3 scrolls of enchant weapon
 r - a scroll of teleportation {unknown}
 s - a scroll of enchant armour {unknown}
 z - a scroll of noise {unknown}
 D - a scroll of remove curse
Potions
 d - a potion of flight {unknown}
 f - 3 potions of curing
 g - 2 potions of might {unknown}
 j - 2 potions of mutation {unknown}
 k - a potion of brilliance
 o - a potion of haste
 B - 2 potions of ambrosia {unknown}


   Skills:
 + Level 7.0 Fighting
 - Level 1.7 Throwing
 + Level 3.1 Armour
 * Level 8.3 Dodging
 - Level 5.0 Stealth
 * Level 10.0 Unarmed Combat


You had 9 spell levels left.
You didn't know any spells.
Your spell library was empty.

Dungeon Overview and Level Annotations

Branches:
Dungeon (7/15)             Temple (0/1) D:7           Sewer (visited)

Altars:
Elyvilon
Fedhas
Makhleb
Qazlal
Wu Jian
Zin
The Shining One

Shops:
D:4 !   D:6 :


Innate Abilities, Weirdness & Mutations

You thrive by killing the living.
You are immune to poison.
You have sharp fingernails.
Your flesh is cold resistant. (rC+)
You are immune to negative energy. (rN+++)
You do not regenerate when monsters are visible.
You are immune to unholy pain and torment.
You can survive without breathing.


Message History

The death knight struggles against the net.
The boulder beetle curls into a ball and begins rolling!
As you read the scroll labelled DEPLEGHIGAU, it crumbles to dust.
You feel aware of your surroundings.
It was a scroll of magic mapping.
The vampire mosquito bites you.
* * * LOW HITPOINT WARNING * * *
A centaur comes into view.
The vampire mosquito completely misses you.
The death knight struggles against the net.
The centaur moves out of view.
As you read the scroll labelled HAGONK XIET, it crumbles to dust.
The scroll dissolves into smoke.
It was a scroll of fog.
The vampire mosquito closely misses you. x2
The death knight struggles against the net.
As you read the scroll labelled QABAPT MELISU, it crumbles to dust.
It is a scroll of amnesia.
You feel forgetful for a moment.
The vampire mosquito completely misses you.
The vampire mosquito bites you.
You die...

.###....#####...##*######...#.)[#
.##...###..#,°.#.#.!?#,,###...).)
....###....#,?B#.#.!?.**,,###....
..###..###.#,,.#.#..s.,***,,###..
###....#,#.####'.'###..,,***,,###
'......#.#.#.†.....y.#,,,,,+,,,,+
###....#....###Zs§####,,,***,,###
..###..####†..D#y#,,,*,***,,###..
#)[.###.....)[.#@#,,,***,,###....
..)...###..#(..#p#,,,*,,###......
##).....#########§,,**###...###..
##........##,,,,,..,,##...### ##.
####..<...=#,***,###,#....## #. #
#####...##*,*,#!###.....## #.
########.#..#,**,*#,#.......#**#.
.....#......##,,,,,##.#..#..#*...
.......###...#,,,,,#..##.#.....##


You could see a death knight (caught), a vampire mosquito, a scorpion and a
centaur skeleton.

Vanquished Creatures
  Pikel (D:4)
  An oklob plant (D:5)
  A troll (D:7)
  Edmund (D:6)
  Menkaure (D:6)
  2 ice beasts
  2 black bears
  3 sky beasts
  5 phantoms
  5 ogres
  4 centaurs
  4 lemures (D:4)
  4 bullfrogs
  3 scorpions
  The ghost of tsouns the Skirmisher, a weakling TrFi (D:3)
  4 wights (D:7)
  An electric eel (D:6)
  A hound (D:6)
  A jelly (D:5)
  An orc wizard (D:7)
  A bullfrog skeleton (D:6)
  Jessica (D:2)
  6 worker ants
  Terence (D:3)
  A howler monkey zombie (D:5)
  Robin (D:2)
  4 gnolls
  11 adders
  A white imp (D:7)
  An ufetubus (D:6)
  An ooze (D:4)
  An adder skeleton (D:5)
  2 worms
  A dart slug (D:1)
  7 leopard geckos
  6 orcs
  2 ball pythons
  8 giant cockroaches
  16 goblins
  5 hobgoblins
  7 jackals
  8 kobolds
  6 quokkas
  9 bats
  12 frilled lizards
  A quokka skeleton (D:5)
  6 rats
172 creatures vanquished.

Vanquished Creatures (others)
  Ijyb (D:5)
  A hobgoblin (D:2)
  40 fungi (D:5)
  70 plants (D:5)
112 creatures vanquished.

Grand Total: 284 creatures vanquished

Notes
Turn   | Place    | Note
-------+----------+-------------------------------------------
     0 | D:1      | Borgoz the Ghoul Gladiator began the quest for the Orb.
     0 | D:1      | Reached XP level 1. HP: 17/17 MP: 0/0
    84 | D:1      | Reached XP level 2. HP: 10/25 MP: 1/1
   633 | D:1      | Reached XP level 3. HP: 22/30 MP: 2/2
  1249 | D:2      | Found an ornate altar of the Wu Jian Council.
  1249 | D:2      | Noticed Robin
  1252 | D:2      | Reached skill level 4 in Unarmed Combat
  1388 | D:2      | Noticed Jessica
  1393 | D:2      | Killed Jessica
  1394 | D:2      | Reached XP level 4. HP: 37/37 MP: 3/3
  1412 | D:2      | Found a glowing golden altar of the Shining One.
  1465 | D:2      | Found a burning altar of Makhleb.
  1861 | D:3      | Reached XP level 5. HP: 20/45 MP: 4/4
  1875 | D:3      | Noticed Terence
  1881 | D:3      | Killed Terence
  1894 | D:3      | Found a runed translucent gate.
  1896 | D:3      | Found a runed translucent gate.
  1896 | D:3      | Found a runed translucent gate.
  1898 | D:3      | Noticed tsouns's ghost (weakling TrFi)
  2030 | D:3      | Found a glowing drain.
  2044 | D:3      | Reached skill level 5 in Unarmed Combat
  2048 | Sewer    | Entered a sewer
  2687 | Sewer    | Reached XP level 6. HP: 42/51 MP: 5/5
  2693 | Sewer    | Got an ancient scythe
  3313 | D:3      | Found a glowing silver altar of Zin.
  3541 | D:3      | Killed tsouns's ghost
  3743 | D:2      | Found a stormy altar of Qazlal.
  3768 | D:2      | Killed Robin
  3769 | D:2      | Reached XP level 7. HP: 55/59 MP: 6/6
  3957 | D:4      | Found Iffoitacs's Distillery.
  4072 | D:4      | Reached skill level 6 in Unarmed Combat
  4200 | D:4      | Noticed Pikel
  4228 | D:4      | Killed Pikel
  4229 | D:4      | Reached skill level 5 in Dodging
  4229 | D:4      | Reached skill level 7 in Unarmed Combat
  4229 | D:4      | Reached XP level 8. HP: 34/67 MP: 7/7
  4574 | D:4      | Found a blossoming altar of Fedhas.
  4584 | D:4      | Reached skill level 5 in Fighting
  5097 | D:5      | Entered Level 5 of the Dungeon
  5097 | D:5      | Noticed Ijyb
  5227 | D:5      | Reached skill level 1 in Stealth
  5323 | D:5      | Reached skill level 8 in Unarmed Combat
  5807 | D:5      | Reached XP level 9. HP: 66/74 MP: 8/8
  6127 | D:5      | Reached skill level 1 in Armour
  6195 | D:5      | Found a blossoming altar of Fedhas.
  6224 | D:5      | Killed Ijyb
  6264 | D:5      | Noticed an oklob plant
  6279 | D:5      | Killed an oklob plant
  6594 | D:6      | Noticed Menkaure
  6603 | D:6      | Killed Menkaure
  6604 | D:6      | Reached skill level 9 in Unarmed Combat
  6620 | D:6      | Got a faintly humming robe
  6645 | D:6      | Identified the +1 robe "Jeduh" {*Drain Will+ Int+8 Dex-5}
                  | (You found it on level 6 of the Dungeon)
  6699 | D:6      | Found Vanip's Book Boutique.
  6770 | D:6      | Noticed Edmund
  6790 | D:6      | Killed Edmund
  7558 | D:7      | Reached XP level 10. HP: 64/84 MP: 9/9
  7751 | D:7      | Found a white marble altar of Elyvilon.
  7876 | D:7      | Found a glowing silver altar of Zin.
  8059 | D:7      | Reached skill level 5 in Stealth
  8059 | D:7      | Reached skill level 10 in Unarmed Combat
  8186 | D:7      | Noticed a death knight
  8186 | D:7      | Noticed a two-headed ogre
  8186 | D:7      | Noticed a boulder beetle
  8194 | D:7      | HP: 2/86 [vampire mosquito (5)]
  8196 | D:7      | Slain by a vampire mosquito

Illustrated notes

Levels and vault maps discovered:
D:1:      dpeg_arrival_radiant, layout_loops_corners
D:2:      layout_rooms, lightli_temple_of_fire, lemuel_crystal_altar,
          nzn_wu_jian_council_hall, tso_altar, serial_rivers,
          chequers_serial_rivers_room_b, chequers_serial_rivers_micro_b,
          chequers_serial_rivers_micro_d, chequers_serial_rivers_micro_b,
          uniq_jessica, uniq_robin
D:3:      layout_loops_cross, portal_sewer_entry_f, ebering_ghost_rock_garden,
          amcnicky_altar_gilded, uniq_terence
D:4:      layout_basic, nicolae_overflow_crystal_walls, serial_shops, shop,
          uniq_pikel
D:5:      layout_loops_ring, tgw_fedhas, uniq_ijyb
D:6:      layout_basic, serial_shops, nicolae_shop_statue_plus,
          kennysheep_opposing_triangles, uniq_edmund, uniq_menkaure
D:7:      minmay_the_grid_four_pointed_star
          [minmay_the_grid_triangle_9x9_subtriangle,
          minmay_the_grid_triangle_9x9_dagger,
          minmay_the_grid_triangle_9x9_intruding_spiral,
          minmay_the_grid_triangle_9x9_warning,
          minmay_the_grid_prize_four_corners], layout_rooms, old_standard_altar,
          minmay_temple_entry_enclosed_plants, elyvilon_altar_5

Skill      XL: |  1  2  3  4  5  6  7  8  9 10 |
---------------+-------------------------------+-----
Dodging        | 3 4 5 6 7 8 |  8.3
Unarmed Combat | 4 5 7 8 9 10 | 10.0
Fighting       | 3 4 5 6 7 |  7.0
Stealth        | 2 4 5 |  5.0
Armour         | 2 3 |  3.1
Throwing       | |  1.7

Action                   |  1- 3 |  4- 6 |  7- 9 | 10-12 || total
-------------------------+-------+-------+-------+-------++-------
Melee: Unarmed           |    61 |   233 |   257 |    98 ||   649
       Punch             |       |     2 |     8 |     1 ||    11
Throw: Throwing net      |       |       |     1 |     1 ||     2
Evoke: Wand              |       |       |     9 |       ||     9
  Use: Scroll            |       |     6 |     2 |     4 ||    12
       Potion            |       |       |       |     1 ||     1
 Stab: Sleeping          |     1 |       |     4 |     1 ||     6
       Held in net/web   |       |       |     1 |       ||     1
Armor: Leather armour    |    35 |    85 |       |       ||   120
       Animal skin       |       |       |    34 |    18 ||    52
Dodge: Dodged            |    42 |   191 |   137 |   107 ||   477

Table legend: (Time is in decaauts)
 A = Elapsed time spent in this place.
 B = Non-inter-level travel time spent in this place.
 C = Inter-level travel time spent in this place.
 D = Time resting spent in this place.
 E = Time spent auto-exploring this place.
 F = Levels seen in this place.
 G = Mean time per level.
                   A        B        C        D        E       F      G
               +--------+--------+--------+--------+--------+-----+--------+
         Total |   8214 |   7977 |    237 |   1552 |   4957 |   8 | 1026.8 |
       Dungeon |   7188 |   6951 |    237 |   1324 |   4343 |   7 | 1026.9 |
         Sewer |   1025 |   1025 |      0 |    228 |    613 |   1 | 1025.0 |
               +--------+--------+--------+--------+--------+-----+--------+

Top non-repeatable levels by time:
     D:1: 1298 daAuts
     D:4: 1279 daAuts
     D:5: 1225 daAuts
     D:6: 1088 daAuts
   Sewer: 1025 daAuts
     D:3: 960 daAuts
     D:2: 696 daAuts
     D:7: 639 daAuts
